[Event "Early-Titled-Tuesday-Blitz-May-07-2024"]
[Site "Chess.com"]
[Date "2024.05.07"]
[Round "6"]
[White "Denisenko_Denis"]
[Black "sewlins"]
[Result "1-0"]
[WhiteElo "2388"]
[BlackElo "2194"]
[TimeControl "180+1"]
[EndTime "9:11:50 PDT"]
[Termination "Denisenko_Denis won on time"]

1. d4 Nf6 2. Bf4 e6 3. e3 c5 4. c3 Nc6 5. Nf3 d5 6. Bd3 Nh5 7.
Bg5 f6 8. Bh4 g6 9. O-O Be7 10.
Re1 O-O 11. Nbd2 Ng7 12. Qe2 g5 13. Bg3 f5 14. Ne5 f4 15. exf4 gxf4 16. Qg4 fxg3 17.
hxg3 Bf6 18. Ndf3 Qe8 19. Qh3 Qh5 20. Nxc6 bxc6 21. dxc5 Qxh3 22. gxh3 Bxc3 23. bxc3 Rxf3 24. Rad1 Rb8 25. Kg2 Rf8 26. Re5 Bd7 27. h4 Rb2 28. Rf1 Rxa2 29. g4 Ra3 30. f4 Rxc3 31. Rf3 Rxc5 32.
h5 h6 33. g5 Nxh5 34. gxh6 Nxf4+ 35. Kh2 Ra5 36. Rg5+ Kh8 37. h7 e5 38. Rfg3 Be6 39. Bf5 Bf7 40. Rg7 Nh5 41. Rxf7 Rd8 42. Rg5 Ra2+ 43.
Kg1 Ra1+ 44. Kf2 Ra2+ 45. Ke1 Ra1+ 46. Kd2 Nf4 47. Rfg7 Ra2+ 48. Kc3 Ra3+ 49. Kb4 1-0

[Event "Early-Titled-Tuesday-Blitz-May-07-2024"]
[Site "Chess.com"]
[Date "2024.05.07"]
[Round "6"]
[White "Shield12"]
[Black "Kiborg95"]
[Result "0-1"]
[WhiteElo "2993"]
[BlackElo "2855"]
[TimeControl "180+1"]
[EndTime "9:11:51 PDT"]
[Termination "Kiborg95 won by resignation"]

1. e4 d6 2. d4 Nf6 3. Nc3 e5 4. Nf3 Nbd7 5. Bc4 Be7 6. a4 O-O 7. O-O c6 8. h3 h6 9. Qe2 exd4 10. Nxd4 Re8 11. Rd1 Bf8 12. Be3 Nxe4 13. Nxe4 Rxe4 14. Qh5 d5 15. Bd3 Nf6 16. Qf3 Re8 17. Re1 Bd7 18.
Nf5 Ne4 19. Bd4 Qg5 20. Ng3 f5 21. Be3 Qg6 22. c3 Bd6 23. Nh5 Ng5 24. Bxg5 Qxg5 25.
g3 Re4 26. h4 Rxh4 27. Be2 Be8 28. Qg2 Rxh5 29. Bxh5 Bxh5 30. Re6 Bc5 31. Rae1 Bf7 32. R6e5 Bd6 33. R5e3 Rf8 34. b4 a6 35. a5 f4 36. gxf4 Qxf4 37. Rf3 Qh4 38. Rh3 Qf6 39. Ree3 Qg6 40. Qxg6 Bxg6 41. Kg2 Re8 42. Rxe8+ Bxe8 43. Re3 Kf7 44. Rf3+ Ke7 45. Re3+ Kd7 46. Rf3 Bg6 47. Re3 Bf4 48. Re2 Kd6 49. f3 Be5 50. Re3 Bf5 51. Kf1 g5 52. Kg2 h5 53. Kf1 h4 54. Kg2 h3+ 55. Kh1 g4 56. fxg4 Be4+ 0-1

[Event "Early-Titled-Tuesday-Blitz-May-07-2024"]
[Site "Chess.com"]
[Date "2024.05.07"]
[Round "6"]
[White "wqws"]
[Black "mishanick"]
[Result "0-1"]
[WhiteElo "2687"]
[BlackElo "3034"]
[TimeControl "180+1"]
[EndTime "9:11:52 PDT"]
[Termination "mishanick won by checkmate"]

1. e4 c5 2. Nf3 d6 3. d4 cxd4 4. Nxd4 Nf6 5. Nc3 a6 6. Bg5 e6 7.
f4 Nbd7 8. Qf3 h6 9. Bh4 e5 10. Nf5 exf4 11. Qxf4 g5 12. Nxd6+ Bxd6 13. Qxd6 gxh4 14.
e5 Qe7 15. Qxe7+ Kxe7 16. exf6+ Nxf6 17. O-O-O Rg8 18. Rd4 Rg4 19. Rxg4 Bxg4 20. Bd3 Rg8 21. Re1+ Be6 22. Re2 h5 23. Bf5 Rg5 24. Bxe6 fxe6 25.
Ne4 Re5 26. Nc3 Rf5 27. Kd2 b5 28. h3 Nd7 29. Re4 Rg5 30. Rxh4 Rxg2+ 31. Ne2 Ne5 32. Rxh5 Nc4+ 33. Ke1 Nxb2 34. Rh7+ Kd6 35. Ra7 e5 36. Rxa6+ Kc5 37. h4 Rh2 38. Rh6 Nc4 39. h5 Ne3 40. c3 Kc4 41. Rh8 Kd3 42. Rd8+ Ke4 43. Rh8 Rh1+ 44. Kf2 Rh2+ 45. Ke1 Nf5 46. h6 Ke3 47. Ng1 Rxa2 48. Kf1 Ng3+ 49. Ke1 Ra1# 0-1

[Event "Early-Titled-Tuesday-Blitz-May-07-2024"]
[Site "Chess.com"]
[Date "2024.05.07"]
[Round "6"]
[White "masnyszachistaaa"]
[Black "jcibarra"]
[Result "1-0"]
[WhiteElo "2602"]
[BlackElo "2920"]
[TimeControl "180+1"]
[EndTime "9:11:53 PDT"]
[Termination "masnyszachistaaa won by checkmate"]

1. c4 e5 2. Nc3 Nf6 3. Nf3 d6 4. d4 e4 5. Ng5 Qe7 6. h4 h6 7.
Nh3 c6 8. g3 g6 9. Bg2 Bg7 10.
Bf4 O-O 11. Qd2 Kh7 12. O-O-O a6 13. f3 e3 14. Qxe3 Qd8 15. Qd2 b5 16. c5 b4 17. Ne4 dxc5 18. Nxc5 Nd5 19. e4 Nxf4 20. Nxf4 Nd7 21. Kb1 a5 22. h5 g5 23. Ne2 Nxc5 24. dxc5 Ba6 25. Nd4 Qe7 26. Qc2 Kh8 27. Nf5 Qe5 28. Nxg7 Kxg7 29. Qf2 Rad8 30. f4 Qe7 31. e5 a4 32. Rd6 a3 33. b3 Rxd6 34. cxd6 Qe6 35. Qd4 c5 36. Qd2 c4 37. bxc4 Bxc4 38. Be4 b3 39. axb3 Rb8 40. Ka1 Bxb3 41. Rc1 Ba4 42.
Bd5 Qf5 43. Qc3 gxf4 44. gxf4 Qxf4 45. e6+ Kh7 46. exf7 Bd7 47. Qd3+ Bf5 48. Qc3 Qxd6 49. Rg1 Qf8 50. Qe5 Qc8 51. Qg7# 1-0

[Event "Early-Titled-Tuesday-Blitz-May-07-2024"]
[Site "Chess.com"]
[Date "2024.05.07"]
[Round "6"]
[White "baki83"]
[Black "GlavkonVVS"]
[Result "1-0"]
[WhiteElo "2920"]
[BlackElo "2671"]
[TimeControl "180+1"]
[EndTime "9:11:54 PDT"]
[Termination "baki83 won by resignation"]

1. e4 Nf6 2. e5 Nd5 3. d4 d6 4. exd6 cxd6 5. Nf3 Bg4 6. h3 Bh5 7. Bb5+ Nd7 8. O-O e6 9. Re1 Be7 10. c4 Nc7 11. Ba4 O-O 12. Nc3 a6 13. Bc2 b5 14.
b3 bxc4 15. bxc4 Nb6 16. Rb1 Nxc4 17. Qd3 Bg6 18. Qxc4 Bxc2 19. Rb2 Bg6 20. Bf4 Nb5 21. Nxb5 axb5 22. Qxb5 Ra5 23. Qb7 Re8 24. Rc1 Bf8 25.
Rc7 Qa8 26. Nh4 Be4 27. Qb3 Qd5 28. Qe3 Rea8 29. Kh2 Ra3 30. Rb3 Rxa2 31. Qg3 Bg6 32. Nxg6 hxg6 33. Rbb7 e5 34. dxe5 dxe5 35. Bxe5 R8a3 36.
Qf4 Ra4 37. Qxf7+ Qxf7 38. Rxf7 Re4 39. Bxg7 Bd6+ 40. g3 Ree2 41. Bd4 Rad2 42. Bb6 Rd3 43. Rg7+ Kf8 44. Rxg6 Be5 45. Kg2 Bd4 46. Bxd4 Rxd4 47. Rf6+ Ke8 48. Rf3 1-0

[Event "Early-Titled-Tuesday-Blitz-May-07-2024"]
[Site "Chess.com"]
[Date "2024.05.07"]
[Round "6"]
[White "Acva-Alenok"]
[Black "MathiasWomacka"]
[Result "1/2-1/2"]
[WhiteElo "2353"]
[BlackElo "2516"]
[TimeControl "180+1"]
[EndTime "9:11:58 PDT"]
[Termination "Game drawn by repetition"]

1. d4 Nf6 2. c4 e6 3. Nf3 Bb4+ 4. Bd2 Qe7 5. g3 Bxd2+ 6. Nbxd2 d6 7. Bg2 e5 8. Qc2 O-O 9. O-O e4 10. Ng5 e3 11. Nde4 exf2+ 12. Rxf2 Nxe4 13. Nxe4 Nc6 14. Qd2 Bd7 15. Nc3 Rae8 16. Nd5 Qd8 17. Raf1 f5 18. b4 b6 19. b5 Ne7 20. Qg5 Nxd5 21. Bxd5+ Kh8 22.
Qxd8 Rxd8 23. e4 g6 24. exf5 Rxf5 25. Rxf5 Bxf5 26. Re1 Rd7 27. Re8+ Kg7 28. Kg2 h5 29. h3 Kf6 30. Kf3 Re7 31. Rxe7 Kxe7 32. g4 hxg4+ 33. hxg4 Bb1 34. a3 g5 35. Be4 Ba2 36. Bd5 Kf6 37. Ke4 Bb3 38. Kf3 Bc2 39. Kg3 Bd3 40. Kf3 Bc2 41. Kg3 Bd1 42. Kh3 Ke7 43.
Kg3 Kf6 44. Kh3 Be2 45. Kg3 Ke7 46. Kh3 Kf6 47. Kg3 Ke7 48. Kh3 Kf6 1/2-1/2

[Event "Early-Titled-Tuesday-Blitz-May-07-2024"]
[Site "Chess.com"]
[Date "2024.05.07"]
[Round "6"]
[White "Airquake"]
[Black "vugarrasulov"]
[Result "0-1"]
[WhiteElo "2815"]
[BlackElo "2975"]
[TimeControl "180+1"]
[EndTime "9:11:59 PDT"]
[Termination "vugarrasulov won on time"]

1. e4 e5 2. Nf3 Nc6 3. Bb5 a6 4. Ba4 Nf6 5. d3 b5 6. Bb3 Bc5 7. c3 d6 8. Be3 O-O 9. Nbd2 Be6 10. Bxe6 fxe6 11. Bxc5 dxc5 12. Qe2 Qd6 13. O-O-O Rfd8 14.
Kc2 Ne7 15. h3 Ng6 16. g3 a5 17. a4 c6 18. Ra1 Nd7 19. h4 Ngf8 20. h5 Nb6 21. b3 c4 22. dxc4 bxa4 23. bxa4 Nfd7 24. Rhd1 Qf8 25. Qe3 Rab8 26. h6 g6 27. c5 Qxc5 28.
Qxc5 Nxc5 29. Nxe5 Rbc8 30. Ndc4 Rxd1 31. Rxd1 Nxc4 32.
Nxc4 Rf8 33. f4 Nxe4 34. Rd3 Nc5 35. Rd6 Rc8 36. Nxa5 Kf7 37. Nxc6 Nxa4 38. Ne5+ Kf6 39. c4 Nc5 40. g4 g5 41. Nd7+ Ke7 42. Nxc5 Kxd6 43.
Ne4+ Ke7 44. Nxg5 Rxc4+ 45. Kd3 Rxf4 46. Nxh7 Rxg4 47. Ke3 Rg6 48. Kf4 Rxh6 49. Ng5 Rf6+ 50. Ke4 Rf5 51. Nf3 Kf6 52. Nd4 Rh5 53. Nc6 Rh4+ 54.
Kf3 Rc4 55. Na5 Rc5 56. Nb7 Rd5 57. Ke4 Ke7 0-1

[Event "Early-Titled-Tuesday-Blitz-May-07-2024"]
[Site "Chess.com"]
[Date "2024.05.07"]
[Round "6"]
[White "FoggyMorning"]
[Black "Kirill_Klukin"]
[Result "0-1"]
[WhiteElo "2617"]
[BlackElo "2853"]
[TimeControl "180+1"]
[EndTime "9:12:01 PDT"]
[Termination "Kirill_Klukin won by resignation"]

1. e4 c5 2. Nf3 g6 3. d4 cxd4 4. Nxd4 Bg7 5. c4 Nc6 6. Be3 Nf6 7.
Nc3 O-O 8. Be2 d6 9. O-O Bd7 10. Nc2 a6 11. f3 Rc8 12. Qd2 Na5 13. Na3 Be6 14. Nd5 Nd7 15. Rac1 Nc6 16. Rfd1 f5 17. exf5 Bxf5 18. b4 Nce5 19. c5 dxc5 20. bxc5 Nf6 21. Nxf6+ Bxf6 22. Qb4 Qc7 23. Nc4 Nc6 24. Qb3 Be6 25.
Qa4 Rcd8 26. Nb6 Rxd1+ 27. Rxd1 Rd8 28. Rxd8+ Qxd8 29. Bc4 Bxc4 30. Qxc4+ Kg7 31. Nd5 Qd7 32. Nf4 Ne5 33. Qd5 Qxd5 34. Nxd5 Kf7 35. Kf2 Ke6 36. Nb6 Nd7 37. Na4 Kd5 38. f4 Bd4 39. g4 Nxc5 40.
Bxd4 Kxd4 41. Nb6 Ke4 42. Kg3 Nd3 43. Nc8 Nxf4 44. Nxe7 Ne6 45. Nc8 b5 46. h4 b4 47.
Nb6 Kd4 48. Nd7 a5 49. Nf6 a4 50. Nxh7 b3 51. h5 gxh5 52. gxh5 bxa2 0-1

[Event "Early-Titled-Tuesday-Blitz-May-07-2024"]
[Site "Chess.com"]
[Date "2024.05.07"]
[Round "6"]
[White "RobertoJBM"]
[Black "JiaHaoxiang"]
[Result "0-1"]
[WhiteElo "2861"]
[BlackElo "2598"]
[TimeControl "180+1"]
[EndTime "9:12:01 PDT"]
[Termination "JiaHaoxiang won on time"]

1. d4 Nf6 2. Nf3 g6 3. e3 Bg7 4. b3 O-O 5. Bb2 d6 6. c4 a5 7. Nc3 c6 8. Be2 Nbd7 9. O-O e5 10. Qc2 Re8 11. Rae1 exd4 12. exd4 Nf8 13. Qd2 Bf5 14. h3 Ne4 15. Nxe4 Bxe4 16. Bc3 a4 17. b4 d5 18. c5 Bxf3 19. Bxf3 Ne6 20. g3 Qf6 21. Bd1 Ng5 22. f3 Nxh3+ 23. Kg2 Ng5 24. Rxe8+ Rxe8 25. Bxa4 Qf5 26.
g4 Qf6 27. Bd1 Ne6 28. Re1 Nf4+ 29. Kg3 Rxe1 30. Qxe1 Ne6 31. Qe3 h5 32. a4 hxg4 33.
fxg4 Qf1 34. Be2 Qh1 35. Bf3 Qb1 36. b5 Bf6 37. bxc6 bxc6 38. a5 Bg5 39. Qe2 Qg1+ 40. Bg2 Bh4+ 41. Kf3 Ng5+ 42. Kf4 Qh2+ 43. Ke3 Ne6 44. Bf3 Bg5+ 45. Kd3 Nf4+ 0-1

[Event "Early-Titled-Tuesday-Blitz-May-07-2024"]
[Site "Chess.com"]
[Date "2024.05.07"]
[Round "6"]
[White "lamomiajunior"]
[Black "HajiyevKanan"]
[Result "1-0"]
[WhiteElo "2814"]
[BlackElo "2575"]
[TimeControl "180+1"]
[EndTime "9:12:01 PDT"]
[Termination "lamomiajunior won on time"]

1. d4 d5 2. Nc3 c6 3. Bf4 a6 4.
e3 Nf6 5. Bd3 Qb6 6. Rb1 Bg4 7.
f3 Bh5 8. Nge2 e6 9. O-O Nbd7 10. Qd2 Bg6 11. e4 dxe4 12. fxe4 e5 13. Be3 exd4 14. Nxd4 Qc7 15. Nf5 Bxf5 16. Rxf5 Bd6 17. h3 O-O-O 18. Rbf1 Ne5 19. Qf2 Nxd3 20. cxd3 Bg3 21. Qe2 Be5 22. Na4 Bd4 23. b3 Rhe8 24. Kh1 Bxe3 25. Qxe3 Kb8 26. Nc5 Re7 27. Qg5 Ne8 28. Rxf7 Rxf7 29. Rxf7 Qxf7 30. Qxd8+ Ka7 31. Qd4 b6 32. Qd7+ Qxd7 33. Nxd7 Kb7 34. Kg1 Kc7 35. Ne5 Kd6 36. Nf3 Kc5 37. a3 Nd6 38. Kf2 Nb5 39. a4 Nc7 40. Ke3 Kb4 41. Nd2 Kc3 42. d4 a5 43. Nc4 Kxb3 44. Nxb6 Kb4 45.
Kf4 c5 46. d5 c4 47. d6 Ne6+ 48. Ke5 Nc5 49. Nd5+ Kxa4 50. Kd4 Kb5 51. e5 a4 52. Nc3+ Kb4 53. Nb1 Ne6+ 54. Kd5 Nf4+ 55. Kc6 c3 56.
Nxc3 Kxc3 57. d7 Ne6 58. Kd6 Nd8 59. e6 a3 60. e7 Nb7+ 61. Kc7 a2 62. e8=Q Nc5 63. Qe5+ Kb4 64. d8=Q Ne6+ 65. Qxe6 a1=Q 66. Qdd6+ Kb5 67. Qb6+ Ka4 68. Qc4+ 1-0

[Event "Early-Titled-Tuesday-Blitz-May-07-2024"]
[Site "Chess.com"]
[Date "2024.05.07"]
[Round "6"]
[White "Boxerandchessplayer"]
[Black "Mr_ruthless"]
[Result "0-1"]
[WhiteElo "2249"]
[BlackElo "2496"]
[TimeControl "180+1"]
[EndTime "9:12:02 PDT"]
[Termination "Mr_ruthless won by resignation"]

1. Nf3 d5 2. e3 g6 3. c4 c6 4. d4 Bg7 5. Nc3 Nf6 6. cxd5 Nxd5 7. Bc4 O-O 8. O-O Be6 9. Qb3 Nxc3 10. bxc3 Bxc4 11.
Qxc4 Qd5 12. Qb3 Qd7 13. Ba3 Na6 14. Rfd1 Rfd8 15. Rab1 b6 16. c4 Nc7 17. Qc2 Qe6 18.
e4 h6 19. d5 Qd7 20. h3 c5 21. Bb2 Ne8 22. Bxg7 Nxg7 23. Qc3 Qc7 24. e5 Nf5 25. g4 Ng7 26. Rd3 Rac8 27. Rbd1 h5 28. R3d2 Qd7 29. Nh2 Qa4 30. Qg3 Qxc4 31. d6 exd6 32. exd6 Rd7 33. Nf3 Qe6 34. Ne5 Rdd8 35. Qf4 hxg4 36. hxg4 g5 37. Qg3 f6 38. Nf3 Rd7 39. Re1 Qf7 40. Red1 Rcd8 41. Ne1 Ne6 42. Ng2 Nd4 43. Rxd4 cxd4 44.
Rxd4 Qe6 45. Ne3 Rxd6 46. Rxd6 Qxd6 47. Qh3 Rd7 48. Qh6 Rg7 49. Nf5 Qd1+ 50. Kh2 Rh7 51. Qxh7+ Kxh7 0-1

[Event "Early-Titled-Tuesday-Blitz-May-07-2024"]
[Site "Chess.com"]
[Date "2024.05.07"]
[Round "6"]
[White "KogotBobra17"]
[Black "MVM2008"]
[Result "1-0"]
[WhiteElo "2736"]
[BlackElo "2556"]
[TimeControl "180+1"]
[EndTime "9:12:03 PDT"]
[Termination "KogotBobra17 won by checkmate"]

1. e4 e5 2. Nf3 Nc6 3. c3 f5 4. d4 fxe4 5. Nxe5 Nf6 6. Bg5 d6 7.
Nxc6 bxc6 8. d5 Rb8 9. Bc4 cxd5 10. Bxd5 Bd7 11. O-O Rxb2 12. Re1 Be7 13. Bxf6 Bxf6 14. Rxe4+ Kf8 15. Bb3 Bc6 16. Re1 Bh4 17. Nd2 Qg5 18.
Nf3 Bxf2+ 19. Kh1 Qf6 20. Bd5 Bxd5 21. Qxd5 Bxe1 22. Rxe1 g6 23. Nd4 Kg7 24. Ne6+ Kh6 25. Qd3 g5 26. Qh3+ Kg6 27. Nd4 Rf8 28. Qd3+ Kh6 29.
Re6 Qxe6 30. Nxe6 Re8 31. Kg1 Rxe6 32. Qh3+ Kg7 33. Qxe6 Rb1+ 34. Kf2 Rb2+ 35. Kg3 Rc2 36. Qd7+ Kf6 37. Qxc7 Ke5 38. Qc4 d5 39. Qd4+ Kd6 40. Qf6+ Kc5 41. Qd4+ Kc6 42. h3 h5 43. Qf6+ Kc5 44.
Qxg5 Rxc3+ 45. Kh2 Kc4 46. Qxh5 d4 47. Qf7+ Kd3 48.
h4 Kc2 49. h5 d3 50. Qf5 Kc1 51. Qe5 Rc2 52. h6 d2 53. Qa1# 1-0

[Event "Early-Titled-Tuesday-Blitz-May-07-2024"]
[Site "Chess.com"]
[Date "2024.05.07"]
[Round "6"]
[White "2346PL"]
[Black "IlanSchnaider"]
[Result "0-1"]
[WhiteElo "2541"]
[BlackElo "2725"]
[TimeControl "180+1"]
[EndTime "9:12:03 PDT"]
[Termination "IlanSchnaider won by checkmate"]

1. d4 Nf6 2. Bg5 d5 3. e3 c6 4. c3 Nbd7 5. Nf3 e6 6. Nbd2 Be7 7. Bd3 O-O 8. O-O h6 9. Bh4 b6 10. Qe2 Bb7 11. e4 dxe4 12. Nxe4 Nd5 13. Bg3 c5 14.
Rfd1 cxd4 15. Nxd4 Qc8 16. Nb5 Qc6 17. Bd6 Bxd6 18.
Nbxd6 Nf4 19. Qe3 Nxd3 20. Rxd3 Nc5 21. Rd4 Nxe4 22. Qxe4 Qxe4 23. Nxe4 e5 24. Rb4 a5 25. Nf6+ gxf6 26. Rxb6 Be4 27. Rxf6 Kg7 28. Rd6 Rfd8 29. Rad1 Rxd6 30. Rxd6 Rb8 31. b3 Bb1 32. Rd2 a4 33. bxa4 Bxa2 34. f4 Bc4 35. fxe5 Ra8 36. Kf2 Rxa4 37.
Ke3 Be6 38. Rd4 Ra3 39. Kd3 Ra2 40. h4 Rxg2 41. c4 Rg3+ 42. Kd2 Ra3 43. Rf4 Kf8 44. Kc2 Ke7 45. Kb2 Rg3 46. c5 Rg4 47. Rxg4 Bxg4 48. Kc3 Kd7 49. Kd4 Kc6 50. Kc4 Be6+ 51. Kd4 h5 52. Ke4 Kxc5 53. Kf4 Kd5 54.
Kg5 Kxe5 55. Kxh5 f5 56. Kg6 f4 57. h5 f3 58. h6 f2 59. Kg7 f1=Q 60. h7 Qf6# 0-1

[Event "Early-Titled-Tuesday-Blitz-May-07-2024"]
[Site "Chess.com"]
[Date "2024.05.07"]
[Round "6"]
[White "Triumphmate"]
[Black "MokshAD1603"]
[Result "0-1"]
[WhiteElo "2441"]
[BlackElo "2628"]
[TimeControl "180+1"]
[EndTime "9:12:03 PDT"]
[Termination "MokshAD1603 won by resignation"]

1. e4 e6 2. d4 d5 3. exd5 exd5 4. Bd3 Nf6 5. Nf3 c5 6. c3 c4 7. Bc2 Nc6 8. O-O Be7 9. Ne5 O-O 10. f4 Qc7 11. Nd2 b5 12. Qe1 Bd6 13. Ndf3 Ne7 14. Bd2 Re8 15. Qf2 Bf5 16. Bxf5 Nxf5 17. g4 Ne4 18. Qg2 Bxe5 19. dxe5 Qb6+ 20. Kh1 Ne3 21. Bxe3 Qxe3 22. Nd4 b4 23. Rae1 Qd3 24. Rf3 Qd2 25.
Re2 Qd1+ 26. Rf1 Qa4 27. cxb4 Qxb4 28. Nf5 c3 29. bxc3 Qxc3 30. Ne3 Rad8 31. Nxd5 Rxd5 32. Qxe4 Rd4 33. Qe3 Qc6+ 34. Qf3 Qc4 35. Rg2 Red8 36. h3 Rd3 37. Qe2 Rxh3+ 38. Kg1 Qd4+ 39. Qf2 Qd3 40. Qxa7 h6 41. e6 fxe6 42. Qf2 Rf8 43.
f5 exf5 44. gxf5 Kh8 45. Qe2 Qd4+ 46. Qf2 Qd5 47. Qf4 Rh5 48. Qg4 Rg5 49. Qf3 Rfxf5 50. Qxd5 Rxf1+ 51. Kxf1 Rxd5 52. Rg6 Ra5 53. Rg2 g5 54.
Ke1 Kg7 55. Kd1 h5 56. Kc1 g4 57. Kb2 Kg6 58. Kb3 Kg5 59. Kb4 Ra8 60. a4 h4 61.
Rc2 h3 62. Rc5+ Kh4 63. Ra5 Rxa5 64. Kxa5 h2 0-1

[Event "Early-Titled-Tuesday-Blitz-May-07-2024"]
[Site "Chess.com"]
[Date "2024.05.07"]
[Round "6"]
[White "VacheH009"]
[Black "ReinisUz"]
[Result "0-1"]
[WhiteElo "2568"]
[BlackElo "2443"]
[TimeControl "180+1"]
[EndTime "9:12:03 PDT"]
[Termination "ReinisUz won by resignation"]

1. Nf3 c5 2. e3 Nc6 3. b3 Nf6 4. Bb2 g6 5. Be2 Bg7 6. O-O O-O 7. c4 e6 8. d3 d5 9. cxd5 Nxd5 10. Bxg7 Kxg7 11. Qc2 b6 12. a3 Bb7 13. Nbd2 Rc8 14. Rfc1 Na5 15. Qb2+ Qf6 16. Rab1 Qxb2 17. Rxb2 Rfd8 18.
Nc4 Nxc4 19. bxc4 Nc7 20. Ne1 Rd6 21. a4 e5 22. Bf3 Bxf3 23. gxf3 Ne6 24. a5 Rcc6 25.
Kf1 f5 26. Ra1 Kf6 27. axb6 axb6 28. Ra7 Rc7 29. Ra8 Rb7 30. Ke2 Nc7 31. Rh8 Kg7 32. Rc8 Na6 33. Nc2 Rbd7 34. Ra8 Nc7 35. Ra3 e4 36. d4 cxd4 37. Nxd4 exf3+ 38. Kxf3 Ne6 39. Nxe6+ Rxe6 40. Ra6 Rc7 41. Rb4 h6 42. Ke2 Rd6 43. Kf3 Rcc6 44. Ra7+ Kf6 45. Rb7 h5 46. Kf4 g5+ 47. Kf3 h4 48. h3 Re6 49. Rd7 Re4 50.
Rb7 Ree6 51. Rd7 Ke5 52. Rd5+ Kf6 53. Rbb5 g4+ 54. hxg4 fxg4+ 55. Kxg4 Rxc4+ 56. Kh3 Rc2 57. Rf5+ Ke7 58. Kxh4 Rg6 59. Rbe5+ Kd6 60. Re4 Rc1 61. Rd4+ Kc6 62. Rf3 Rh1+ 63. Rh3 Rh6+ 64. Kg5 R6xh3 65. f4 Rxe3 66. f5 Rg1+ 67. Kf6 Rf3 68. Ke6 Re1+ 69. Kf6 Ref1 70. Rc4+ Kd5 71. Re4 0-1

[Event "Early-Titled-Tuesday-Blitz-May-07-2024"]
[Site "Chess.com"]
[Date "2024.05.07"]
[Round "6"]
[White "Aslanov_Umid"]
[Black "Silvederione"]
[Result "0-1"]
[WhiteElo "2645"]
[BlackElo "2510"]
[TimeControl "180+1"]
[EndTime "9:12:04 PDT"]
[Termination "Silvederione won by checkmate"]

1. e4 c5 2. Nf3 Nc6 3. d4 cxd4 4. Nxd4 g6 5. Be3 Bg7 6. c4 Qb6 7. Nb3 Qd8 8. Nc3 Bxc3+ 9. bxc3 Nf6 10. f3 d6 11. Be2 O-O 12. O-O b6 13. Qe1 Ba6 14.
Nd4 Na5 15. Rd1 Nxc4 16. Bh6 Re8 17. Qh4 Qc8 18. Bg5 Nb2 19. Bxa6 Qxa6 20. Bxf6 Nxd1 21. Bxe7 Ne3 22. Re1 Rxe7 23. Qxe7 Qd3 24. Qg5 Nc4 25. Nf5 Qxc3 26. Rc1 Qa5 27. Ne7+ Kg7 28. Nf5+ Kg8 29. Ne7+ Kf8 30. Qh6+ Kxe7 31. Qh4+ g5 32. Qg3 Qc5+ 33. Kh1 b5 34. h4 h6 35. h5 Qe5 36.
Qf2 Rc8 37. Rd1 Rc7 38. Rd5 Qa1+ 39. Kh2 Qf6 40. f4 Qxf4+ 41. Qxf4 gxf4 42. Rf5 Ne5 43. Rxf4 Rc4 44. Kg1 Ra4 45. Kf1 Rxa2 46. g3 Ra3 47.
Ke2 Rxg3 48. Rf1 Rg5 49. Ke3 Rxh5 50. Kd4 Rh3 51. Kd5 Rd3# 0-1

[Event "Early-Titled-Tuesday-Blitz-May-07-2024"]
[Site "Chess.com"]
[Date "2024.05.07"]
[Round "6"]
[White "JeFumeDesClopes"]
[Black "wonderfultime"]
[Result "0-1"]
[WhiteElo "2715"]
[BlackElo "3110"]
[TimeControl "180+1"]
[EndTime "9:12:07 PDT"]
[Termination "wonderfultime won by resignation"]

1. Nf3 d5 2. g3 Nd7 3. d4 Nb6 4.
a4 a5 5. Nc3 Bf5 6. Nh4 Bg4 7.
h3 Bh5 8. g4 e6 9. Ng2 Bg6 10. Nf4 Nf6 11. Bg2 c6 12. O-O Bd6 13. Nxg6 hxg6 14. Bg5 Qc7 15. Re1 Bh2+ 16. Kf1 Nh7 17. Bc1 Bf4 18. e3 Bd6 19. e4 O-O 20. Qf3 g5 21. e5 Be7 22. Ne2 f6 23. exf6 Bxf6 24. Qd3 e5 25. dxe5 Bxe5 26. Be3 Nc4 27. Bd4 Nxb2 28. Bxe5 Rxf2+ 29. Kg1 Qxe5 30. Qd4 Qxd4 31.
Nxd4 Rf4 32. Rab1 Nxa4 33. Ne6 Rf7 34. Ra1 Nc3 35. Re3 Re7 36. Rxc3 Rxe6 37. Rb3 Re7 38. Rba3 Nf6 39. Rxa5 Rxa5 40. Rxa5 Kf7 41. Kf2 Ke6 42. Ra8 Ke5 43. c3 Kd6 44. Rf8 Kc5 45. h4 Nxg4+ 46. Kg3 Ne3 47. hxg5 Nxg2 48. Kxg2 Re5 49. g6 Rg5+ 50.
Kf3 Rxg6 51. Ke3 Re6+ 52. Kd3 b5 0-1

[Event "Early-Titled-Tuesday-Blitz-May-07-2024"]
[Site "Chess.com"]
[Date "2024.05.07"]
[Round "6"]
[White "Yan_Dyomin2010"]
[Black "pirulillo"]
[Result "1-0"]
[WhiteElo "2614"]
[BlackElo "2393"]
[TimeControl "180+1"]
[EndTime "9:12:07 PDT"]
[Termination "Yan_Dyomin2010 won on time"]

1. e4 c5 2. c3 Nf6 3. e5 Nd5 4. Bc4 e6 5. Nf3 d6 6. d4 Bd7 7. exd6 Bxd6 8. Bxd5 exd5 9. O-O O-O 10. dxc5 Bxc5 11.
Nbd2 Nc6 12. Nb3 Bb6 13. Bf4 Bg4 14. h3 Bh5 15. Re1 Bg6 16. Ne5 Nxe5 17. Bxe5 Qh4 18. Bd4 Bc7 19. Be5 Bb6 20. Qf3 Be4 21. Qg3 Qxg3 22.
Bxg3 a5 23. a3 a4 24. Nd2 Bg6 25. Be5 Ra5 26. Nf3 Rb5 27. Re2 Re8 28. Rae1 f6 29. Bd4 Rxe2 30. Rxe2 Be4 31. Nh2 Bxd4 32. cxd4 Rb3 33.
Nf1 Bd3 34. Re3 Bc4 35. Rxb3 Bxb3 36. Ne3 Kf7 37. Kf1 g6 38. Ke2 Ke6 39. Kd3 Kd6 40.
g3 b5 41. Kc3 Bc4 42. h4 Be2 43. Kb4 Kc6 44. Ng2 g5 45. Ne1 h6 46. Nc2 Bf3 47. Ne3 Be2 48. Nf5 h5 49. Ne7+ Kd6 50.
Nf5+ Kc6 51. Ne3 gxh4 52. gxh4 Bd3 53. Ng2 Bg6 54. Nf4 Bf7 55. Ne2 Kb6 56. Nc3 Kc6 57.
Nxb5 Kd7 58. Nc3 Ke6 59. f3 Kf5 60. Ne2 Be8 61. b3 axb3 62. Kxb3 Bb5 63. Ng3+ Kf4 64.
Nxh5+ Kxf3 65. Nxf6 Ke3 66. Kc3 Bc6 67. h5 1-0

[Event "Early-Titled-Tuesday-Blitz-May-07-2024"]
[Site "Chess.com"]
[Date "2024.05.07"]
[Round "6"]
[White "KorolDimitriy75"]
[Black "kacperkarwowski"]
[Result "1-0"]
[WhiteElo "2379"]
[BlackElo "2516"]
[TimeControl "180+1"]
[EndTime "9:12:08 PDT"]
[Termination "KorolDimitriy75 won by checkmate"]

1. d4 e5 2. dxe5 Bc5 3. Nf3 d6 4. Bf4 Ne7 5. exd6 Ng6 6. Bg3 cxd6 7. e3 Qb6 8. b3 h5 9. h3 h4 10. Bh2 a5 11. Be2 a4 12. Nbd2 Be6 13. O-O Nc6 14. Ne4 O-O 15. Bxd6 Bxd6 16. Qxd6 Rfd8 17.
Qc5 Qc7 18. Rad1 Rdc8 19. Neg5 Bd7 20. Bc4 Be8 21. Qf5 Ra5 22. Rd5 Rxd5 23. Bxd5 Nce7 24. Qd3 Rd8 25. c4 Nxd5 26. cxd5 axb3 27. axb3 Qa5 28.
Rd1 Bb5 29. Qd4 Qa3 30. b4 Ba4 31. Ra1 Qb3 32. Nd2 Qxd5 33. Qxd5 Rxd5 34. Rxa4 Rxd2 35. Ra8+ Nf8 36. Rb8 Rd7 37. Ne4 f6 38. Nc5 Rd1+ 39. Kh2 Kf7 40. Rxb7+ Kg6 41. f3 Rd2 42. Rb8 Nd7 43. Rd8 Rb2 44. Rxd7 Rxb4 45. Ne4 f5 46.
Nf2 Kh6 47. Nd3 g6 48. Rd6 Rb7 49. Nf4 Rg7 50. Kg1 Kg5 51. Ne6+ Kf6 52. Nxg7+ Kg5 53. Ne6+ Kh5 54. Nf4+ Kg5 55. Rxg6# 1-0

[Event "Early-Titled-Tuesday-Blitz-May-07-2024"]
[Site "Chess.com"]
[Date "2024.05.07"]
[Round "6"]
[White "ValentinDragnev"]
[Black "Irishchessman16"]
[Result "1/2-1/2"]
[WhiteElo "2718"]
[BlackElo "2552"]
[TimeControl "180+1"]
[EndTime "9:12:09 PDT"]
[Termination "Game drawn by repetition"]

1. e4 c5 2. Nf3 Nc6 3. Nc3 e5 4. Bc4 Be7 5. d3 d6 6. Nd2 Nf6 7. Nf1 Bg4 8. f3 Be6 9. Ne3 O-O 10. O-O a6 11. a4 Rc8 12. Ned5 Nd4 13. f4 Nxd5 14.
Nxd5 exf4 15. Bxf4 Bg5 16. c3 Nc6 17. Qh5 Bxf4 18.
Rxf4 Ne5 19. Raf1 b5 20. axb5 axb5 21. Rh4 h6 22. Nf6+ Kh8 23. Qg5 Ng4 24. Bxe6 fxe6 25. Qxg4 Rxf6 26. Rh3 Rxf1+ 27. Kxf1 Qf6+ 28. Rf3 Qe5 29. Rf7 Ra8 30. g3 b4 31. Qf4 Qxf4+ 32. gxf4 Ra1+ 33.
Ke2 Rb1 34. cxb4 Rxb2+ 35. Ke3 Rxb4 36. Re7 d5 37. Rxe6 d4+ 38. Kf3 Rb3 39. Ke2 Rb2+ 40. Ke1 Rxh2 41. Rc6 Rc2 42. e5 Kg8 43. e6 Kf8 44.
Rc7 h5 45. f5 h4 46. Rf7+ Kg8 47. Rc7 h3 48. Rc8+ Kh7 49. e7 h2 50. Rh8+ Kxh8 51.
e8=Q+ Kh7 52. Qh5+ Kg8 53. Qe8+ Kh7 54. Qh5+ Kg8 55. Kd1 Rg2 56. Qe8+ Kh7 57. Qh5+ Kg8 58. Qe8+ Kh7 59. Qh5+ Kg8 1/2-1/2